 Dungeon Crawl Stone Soup version 0.30.1 (webtiles) character file.

Game seed: 18352247437259027391

97738 gbid0 the Tortoise (level 15, -3/217 HPs)
             Began as a Minotaur Monk on July 7, 2023.
             Was an Initiate of Gozag.
             Killed from afar by an acid blob (7 damage)
             ... with a splash of acid
             ... on level 5 of the Pits of Slime.
             The game lasted 01:50:52 (25123 turns).

gbid0 the Tortoise (Minotaur Monk)                 Turns: 25123, Time: 01:50:54

Health: -3/217     AC:  8    Str: 24    XL:     15   Next: 72%
Magic:  14/14      EV: 17    Int:  7    God:    Gozag
Gold:   4782       SH:  0    Dex: 17    Spells: 14/14 levels left

rFire   + . .        e - +7 long sword of Iveoso Huyt {vamp, Str+2}
rCold   + . .        d - orb {light}
rNeg    + . .        p - +6 pearl dragon scales of Wasted Space {rN+ Str+5 Dex-2}
rPois   +            (helmet unavailable)
rElec   .            t - scarf {rC+ rF+}
rCorr   .            (no gloves)
SInv    .            D - +1 pair of boots
Will    +....        R - amulet of magic regeneration Stlth
                     U - +4 ring of slaying
HPRegen 0.56/turn    j - +4 ring of protection
MPRegen 0.54/turn

%: no passive effects
@: berserking, corroded, gold aura, glowing, very quick
A: horns 3, retaliatory headbutt, deterioration 1, poison resistance, MP-powered
wands
a: Renounce Religion, Potion Petition, Call Merchant, Bribe Branch


You were on level 5 of the Pits of Slime.
You worshipped Gozag.
Gozag was most pleased with you.
You visited 3 branches of the dungeon, and saw 21 of its levels.

You collected 5804 gold pieces.
You spent 231 gold pieces at shops.
You paid 791 gold pieces to Gozag.

Inventory:

Hand Weapons
 e - the +7 long sword of Iveoso Huyt (weapon) {vamp, Str+2}
   (You found it on level 6 of the Dungeon)

   Str:       It affects your strength (+2).
 k - a +7 heavy great mace
 E - a +0 war axe
 K - a +0 battleaxe of venom
Missiles
 F - 2 throwing nets
 Q - 24 poisoned darts (quivered)
Armour
 d - an orb of light (worn)
 p - the +6 pearl dragon scales of Wasted Space (worn) {rN+ Str+5 Dex-2}
   (You found it on level 2 of the Lair of Beasts)

   Str:       It affects your strength (+5).
   Dex:       It affects your dexterity (-2).
   rN:        It protects you from negative energy.
 t - a scarf of resistance (worn)
 y - an orb of wrath
 D - a +1 pair of boots (worn)
 N - +0 shadow dragon scales
 V - a +7 plate armour of ponderousness
Jewellery
 j - a +4 ring of protection (right hand)
 R - an amulet of magic regeneration (around neck)
 U - a +4 ring of slaying (left hand)
Wands
 o - a wand of polymorph (17)
 s - a wand of acid (5)
 w - a wand of iceblast (28)
 x - a wand of flame (67)
 I - a wand of charming (6)
 J - a wand of digging (7)
Scrolls
 g - 3 scrolls of amnesia
 i - 6 scrolls of magic mapping
 l - a scroll of silence {unknown}
 m - 2 scrolls of torment
 n - 7 scrolls of teleportation
 q - a scroll of poison
 r - 2 scrolls of butterflies
 G - 4 scrolls of fear
 H - 3 scrolls of enchant weapon
 M - a scroll of acquirement {unknown}
 O - a scroll of noise {unknown}
 T - 2 scrolls of fog
 X - a scroll of immolation {unknown}
 Y - 2 scrolls of blinking
Potions
 a - 2 potions of berserk rage
 b - 2 potions of brilliance
 c - 3 potions of ambrosia
 f - 2 potions of cancellation
 h - 9 potions of curing
 u - 3 potions of lignification
 v - 2 potions of haste
 z - a potion of invisibility {unknown}
 A - 2 potions of heal wounds
 B - 3 potions of degeneration
 C - 3 potions of flight
 L - a potion of attraction {unknown}
 P - a potion of magic {unknown}
Miscellaneous
 W - a piece from Xom's chessboard (15/15)


   Skills:
 + Level 16.4 Fighting
 - Level 14.0 Long Blades
 - Level 8.4 Axes
 - Level 2.8 Throwing
 * Level 20.7 Armour
 * Level 13.4 Dodging
 - Level 0.1 Evocations


You had 14 spell levels left.
You didn't know any spells.
Your spell library contained the following spells:

 Spells                   Type           Power      Damage    Failure   Level
 Magic Dart               Conj           0%         1d3       65%         1
 Call Imp                 Summ           0%         N/A       78%         2
 Cigotuvi's Dreadful Rot  Necr/Pois/Air  0%         N/A       78%         2
 Lesser Beckoning         Tloc           0%         N/A       78%         2
 Searing Ray              Conj           0%         2d4       78%         2
 Sublimation of Blood     Necr           0%         N/A       78%         2
 Gell's Gravitas          Tloc           0%         N/A       95%         3
 Ignite Poison            Fire/Tmut/Pois 0%         N/A       95%         3
 Mephitic Cloud           Conj/Pois/Air  0%         N/A       95%         3
 Portal Projectile        Hex/Tloc       0%         N/A       95%         3
 Teleport Other           Tloc           0%         N/A       95%         3
 Tukima's Dance           Hex            0%         N/A       95%         3
 Volatile Blastmotes      Fire/Tloc      0%         2d10      95%         3
 Dispel Undead            Necr           0%         3d6       100%        4
 Fulminant Prism          Conj/Hex       0%         3d5       100%        4
 Passage of Golubria      Tloc           0%         N/A       100%        4
 Petrify                  Tmut/Erth      0%         N/A       100%        4
 Blade Hands              Tmut           0%         N/A       100%        5
 Irradiate                Conj/Tmut      0%         3d11      100%        5
 Silence                  Hex/Air        0%         N/A       100%        5
 Death Channel            Necr           0%         N/A       100%        6
 Dispersal                Tloc           0%         N/A       100%        6
 Lehudib's Crystal Spear  Conj/Erth      0%         10d2      100%        8


Dungeon Overview and Level Annotations

Branches:
Dungeon (11/15)            Temple (0/1) D:6            Lair (5/5) D:11
 Shoals (0/4) Lair:2        Snake (0/4) Lair:2        Slime (5/5) Lair:5
    Orc (0/2) D:11

Altars:
Cheibriados
Dithmenos
Fedhas
Gozag
Qazlal
Xom
Zin

Shops:
D:8 !   D:9 *


Innate Abilities, Weirdness & Mutations

You have a pair of large horns on your head.
You reflexively headbutt those who attack you in melee.
Your body sometimes deteriorates upon taking damage.
Your system is resistant to poisons. (rPois)
You expend magic power (3 MP) to strengthen your wands.


Message History

The acid blob spits acid at you. The splash of acid misses you.
You slash the acid blob!
Your hands burn!
The acid blob is heavily wounded.
The acid blob hits you!
* * * LOW HITPOINT WARNING * * *
The acid corrodes you!
You are splashed with acid!
* * * LOW HITPOINT WARNING * * *
Okay, then.
You hit the acid blob but do no damage. The acid corrodes you!
Your hands burn!
* * * LOW HITPOINT WARNING * * *
The acid blob is heavily wounded.
You hit the acid blob. The acid corrodes you!
Your hands burn!
* * * LOW HITPOINT WARNING * * *
The acid blob is severely wounded.
The acid blob hits you!
* * * LOW HITPOINT WARNING * * *
You are splashed with acid!
* * * LOW HITPOINT WARNING * * *
You hit the acid blob.
You feel better.
Your hands burn!
* * * LOW HITPOINT WARNING * * *
You headbutt the acid blob.
The acid blob is severely wounded.
You hit the acid blob.
You feel better.
Your hands burn!
* * * LOW HITPOINT WARNING * * *
The acid blob is severely wounded.
The acid blob spits acid at you. The splash of acid hits you!
* * * LOW HITPOINT WARNING * * *
You slash the acid blob! The acid corrodes you!
Your hands burn!
* * * LOW HITPOINT WARNING * * *
The acid blob is almost dead.
An acid blob comes into view.
You hit the acid blob but do no damage.
Your hands burn!
* * * LOW HITPOINT WARNING * * *
The acid blob is almost dead.
The acid blob spits acid at you. The splash of acid hits you!
You die...
Your body crumbles into a pile of gold.

...........................####
............................#.#
..............................###
..................$.............#
...... .........$..............#
..... .J...............$.....#
#.## ##................$....# ###
##...............$....##
##....@...........$...# $
#....$J..............#
##.................... $ $
$##..........$$....... $ $ $$
##..................
#..................
...................
....................
.................


You could see 2 acid blobs.

Vanquished Creatures
  Rupert (Lair:4)
  7 acid blobs
  Gastronok (D:11)
  4 rockslimes
  7 azure jellies
  6 quicksilver oozes
  5 hydras
  6 catoblepae
  Erolcha (D:8)
  A two-headed ogre (D:8)
  A centaur warrior (D:10)
  The ghost of Tyszek the Severer, a novice MiMo of Okawaru (D:10)
  9 death yaks
  A skyshark (Lair:4)
  Pikel (D:9)
  3 deep elf pyromancers
  2 shining eyes
  2 ugly things (D:10)
  3 lindwurms
  5 manticores
  Maurice (D:9)
  10 elephants (Lair:5)
  2 merfolk sirens (Lair:2)
  An eye of devastation (Slime:3)
  5 black mambas
  A gargoyle (D:10)
  A torpor snail (Lair:3)
  An unseen horror (D:9)
  11 cane toads
  A rime drake (Lair:5)
  5 komodo dragons
  A yaktaur (D:10)
  3 trolls
  A polar bear (Lair:4)
  12 blink frogs
  14 hornets
  2 merfolk (Lair:2)
  6 shadows
  A wraith (D:11)
  100 slime creatures
  A wyvern (D:5)
  Eustachio (D:6)
  A basilisk (Lair:3)
  45 yaks
  Menkaure (D:5)
  Grum (D:9)
  A naga (Lair:2)
  An acid dragon (D:10)
  15 water moccasins
  3 black bears
  8 orc warriors
  19 wolves
  7 centaurs
  2 lemures (D:9)
  6 kobold brigands
  10 bullfrogs
  2 gnoll sergeants
  2 scorpions
  3 wights
  5 killer bees
  2 electric eels (Lair:3)
  3 howler monkeys (D:9)
  8 hounds
  2 gnoll boudas
  6 orc priests
  15 jellies
  An iguana (D:7)
  An iron imp (D:3)
  Jessica (D:3)
  8 orc wizards
  14 gnolls
  5 adders
  3 shadow imps
  An ufetubus (D:6)
  3 worms
  23 orcs
  9 endoplasms
  7 giant cockroaches
  7 goblins
  7 hobgoblins
  3 jackals (D:1)
  4 quokkas
  8 ball pythons
  5 bats
  4 frilled lizards
  24 kobolds
  4 rats
558 creatures vanquished.

Vanquished Creatures (others)
  An orc (D:3)
1 creature vanquished.

Grand Total: 559 creatures vanquished

Notes
Turn   | Place    | Note
-------+----------+-------------------------------------------
     0 | D:1      | gbid0 the Minotaur Monk began the quest for the Orb.
     0 | D:1      | Reached XP level 1. HP: 19/19 MP: 0/0
    68 | D:1      | Found a faded altar of an unknown god.
    88 | D:1      | Reached XP level 2. HP: 12/27 MP: 1/1
   160 | D:1      | Prayed at the altar of an unknown god.
   160 | D:1      | Became a worshipper of Gozag Ym Sagoz the Greedy
   364 | D:1      | Reached XP level 3. HP: 29/33 MP: 2/2
   711 | D:2      | Reached skill level 1 in Armour
   730 | D:2      | Found a stormy altar of Qazlal.
  1291 | D:3      | Reached XP level 4. HP: 40/40 MP: 3/3
  1629 | D:3      | Noticed Jessica
  1636 | D:3      | Killed Jessica
  1757 | D:3      | Reached skill level 5 in Axes
  1978 | D:3      | Found a snail-covered altar of Cheibriados.
  1990 | D:3      | Reached skill level 2 in Armour
  1990 | D:3      | Reached XP level 5. HP: 39/47 MP: 4/4
  2611 | D:4      | Identified the +0 leather armour of Grace {Will+ rCorr
                  | MP-9}
  2880 | D:4      | Reached skill level 3 in Armour
  2880 | D:4      | Reached XP level 6. HP: 54/55 MP: 0/5
  3214 | D:5      | Entered Level 5 of the Dungeon
  3248 | D:5      | Noticed Menkaure
  3253 | D:5      | Killed Menkaure
  3254 | D:5      | Reached skill level 5 in Fighting
  3395 | D:5      | Reached skill level 4 in Armour
  3469 | D:5      | Reached XP level 7. HP: 39/61 MP: 0/6
  3636 | D:5      | Noticed a wyvern
  3644 | D:5      | Killed a wyvern
  4018 | D:6      | Reached skill level 5 in Armour
  4018 | D:6      | Reached skill level 5 in Dodging
  4565 | D:7      | Reached XP level 8. HP: 37/70 MP: 3/7
  4763 | D:6      | Identified the +7 long sword of Iveoso Huyt {vamp, Str+2}
  4766 | D:6      | Found a staircase to the Ecumenical Temple.
  4926 | D:6      | Reached skill level 6 in Armour
  5139 | D:7      | Reached skill level 1 in Long Blades
  5209 | D:6      | Found a shadowy altar of Dithmenos.
  5308 | D:6      | Noticed Eustachio
  5317 | D:6      | Killed Eustachio
  5370 | D:6      | Reached skill level 7 in Armour
  5452 | D:6      | Found a shimmering altar of Xom.
  5452 | D:6      | Found a blossoming altar of Fedhas.
  6218 | D:8      | Reached XP level 9. HP: 79/79 MP: 8/8
  6382 | D:8      | Reached skill level 8 in Armour
  6423 | D:8      | Noticed a two-headed ogre
  6614 | D:8      | Killed a two-headed ogre
  6615 | D:8      | Reached skill level 9 in Armour
  6737 | D:8      | Found Pougid's Distillery.
  6747 | D:8      | Gained mutation: You occasionally shout uncontrollably at
                  | your foes. [potion of mutation]
  6747 | D:8      | Gained mutation: You are robust. (+10% HP) [potion of
                  | mutation]
  6748 | D:8      | Lost mutation: You are robust. (+10% HP) [potion of
                  | mutation]
  6748 | D:8      | Lost mutation: You occasionally shout uncontrollably at
                  | your foes. [potion of mutation]
  6748 | D:8      | Gained mutation: Your spells are a little harder to cast,
                  | but a little more powerful. [potion of mutation]
  6749 | D:8      | Bought a potion of curing for 45 gold pieces
  6749 | D:8      | Bought a potion of curing for 45 gold pieces
  6749 | D:8      | Bought a potion of curing for 45 gold pieces
  6888 | D:8      | Reached skill level 10 in Armour
  7590 | D:8      | Reached XP level 10. HP: 60/88 MP: 9/9
  7685 | D:8      | Reached skill level 11 in Armour
  7797 | D:9      | Noticed Erolcha
  7797 | D:9      | Noticed Grum
  7947 | D:8      | Killed Erolcha
  7948 | D:8      | Reached skill level 12 in Armour
  8106 | D:9      | Killed Grum
  8421 | D:9      | Noticed Maurice
  8434 | D:9      | Killed Maurice
  8458 | D:9      | Found a shadowy altar of Dithmenos.
  8458 | D:9      | Noticed a deep elf pyromancer
  8472 | D:9      | Killed a deep elf pyromancer
  8473 | D:9      | Reached skill level 13 in Armour
  8553 | D:9      | Found Zeklymat's General Store.
  8576 | D:9      | Reached skill level 1 in Throwing
  8579 | D:9      | Bought a potion of cancellation for 96 gold pieces
  8756 | D:9      | Found a snail-covered altar of Cheibriados.
  8758 | D:9      | Noticed a deep elf pyromancer
  8758 | D:9      | Noticed Pikel
  8800 | D:9      | Killed a deep elf pyromancer
  8904 | D:9      | Killed Pikel
  8905 | D:9      | Reached XP level 11. HP: 90/97 MP: 10/10
  9028 | D:9      | Found a glowing silver altar of Zin.
  9488 | D:9      | Lost mutation: Your spells are a little harder to cast, but
                  | a little more powerful. [potion of mutation]
  9488 | D:9      | Gained mutation: You have a pair of large horns on your
                  | head. [potion of mutation]
  9488 | D:9      | Gained mutation: You expend magic power (3 MP) to
                  | strengthen your wands. [potion of mutation]
  9488 | D:9      | Gained mutation: Your system is resistant to poisons.
                  | (rPois) [potion of mutation]
  9575 | D:10     | Entered Level 10 of the Dungeon
  9587 | D:10     | Reached skill level 14 in Armour
  9617 | D:10     | Noticed a centaur warrior
  9909 | D:10     | Noticed a deep elf pyromancer
 10060 | D:10     | Killed a deep elf pyromancer
 10127 | D:10     | Found a runed translucent gate.
 10127 | D:10     | Found a runed translucent gate.
 10127 | D:10     | Noticed Tyszek's ghost (novice MiMo)
 10128 | D:10     | Found a runed translucent gate.
 10409 | D:10     | Killed a centaur warrior
 10528 | D:10     | Identified the +3 halberd of the End {freeze, rF- Dex+6}
 10530 | D:10     | Reached skill level 15 in Armour
 10552 | D:10     | Noticed a purple ugly thing
 10569 | D:10     | Killed a purple ugly thing
 10570 | D:10     | Reached skill level 10 in Fighting
 11050 | D:10     | Killed Tyszek's ghost
 11200 | D:11     | Noticed a purple ugly thing
 11215 | D:10     | Killed a purple ugly thing
 11346 | D:11     | Found a staircase to the Orcish Mines.
 11413 | D:11     | Noticed Gastronok
 11451 | D:11     | Killed Gastronok
 11452 | D:11     | Reached skill level 16 in Armour
 11672 | D:11     | Paralysed by a hornet for 1 turns
 11762 | D:11     | Reached XP level 12. HP: 108/108 MP: 11/11
 11928 | D:11     | Got An Early Guide to the Mystical Truths
 12096 | D:11     | Found a staircase to the Lair.
 12314 | Lair:1   | Entered Level 1 of the Lair of Beasts
 12634 | Lair:1   | You fall into a shaft and drop 1 floor!
 12964 | Lair:2   | Found a staircase to the Snake Pit.
 12978 | Lair:2   | Reached skill level 17 in Armour
 13019 | Lair:2   | Found a staircase to the Shoals.
 13540 | Lair:2   | Paralysed by a hornet for 2 turns
 13599 | Lair:2   | Noticed a five-headed hydra
 13614 | Lair:2   | Killed a 13-headed hydra
 13655 | Lair:2   | Reached skill level 18 in Armour
 13669 | Lair:2   | Identified the +6 pearl dragon scales of Wasted Space {rN+
                  | Str+5 Dex-2}
 14106 | Lair:3   | Paralysed by a hornet for 3 turns
 14217 | Lair:3   | Paralysed by a hornet for 3 turns
 14323 | Lair:3   | Reached skill level 10 in Dodging
 14352 | Lair:3   | Noticed a death yak
 14397 | Lair:3   | Killed a death yak
 14410 | Lair:3   | Reached skill level 5 in Long Blades
 14786 | Lair:3   | Reached XP level 13. HP: 100/118 MP: 12/12
 16457 | Lair:4   | Reached skill level 10 in Long Blades
 16476 | Lair:4   | Noticed Rupert
 16490 | Lair:4   | Paralysed by Rupert for 4 turns
 16504 | Lair:4   | Killed Rupert
 17339 | Lair:5   | Entered Level 5 of the Lair of Beasts
 17776 | Lair:5   | Found a staircase to the Slime Pits.
 18219 | Lair:5   | Reached XP level 14. HP: 126/127 MP: 13/13
 18325 | Lair:5   | Reached skill level 19 in Armour
 19184 | Lair:5   | Identified the staff of conjuration "Jitzic" {Dex+2}
 19625 | Slime:1  | Entered Level 1 of the Pits of Slime
 19643 | Slime:1  | Noticed an acid blob
 19677 | Lair:5   | Killed an acid blob
 19845 | Slime:1  | Noticed a quicksilver ooze
 19851 | Slime:1  | Killed a quicksilver ooze
 19872 | Slime:1  | Noticed a rockslime
 19897 | Slime:1  | Killed a rockslime
 20015 | Slime:1  | Noticed a quicksilver ooze
 20026 | Slime:1  | Killed a quicksilver ooze
 20103 | Slime:1  | Noticed a rockslime
 20117 | Slime:1  | Killed a rockslime
 20250 | Slime:1  | Noticed an acid blob
 20262 | Slime:1  | Killed an acid blob
 20352 | Slime:1  | Noticed an azure jelly
 20372 | Slime:1  | Killed an azure jelly
 20550 | Slime:1  | Noticed an azure jelly
 20581 | Slime:1  | Killed an azure jelly
 20705 | Slime:1  | Noticed a quicksilver ooze
 20712 | Slime:1  | Noticed an azure jelly
 20713 | Slime:1  | Killed a quicksilver ooze
 20729 | Slime:1  | Killed an azure jelly
 21585 | Slime:3  | Reached XP level 15. HP: 136/139 MP: 14/14
 21597 | Slime:3  | Reached skill level 20 in Armour
 21639 | Slime:3  | Noticed a rockslime
 21655 | Slime:3  | Killed a rockslime
 22002 | Slime:3  | Noticed a rockslime
 22011 | Slime:3  | Noticed an azure jelly
 22012 | Slime:3  | Killed a rockslime
 22026 | Slime:3  | Killed an azure jelly
 22316 | Slime:4  | Noticed an azure jelly
 22316 | Slime:4  | Noticed an acid blob
 22326 | Slime:3  | Killed an acid blob
 22327 | Slime:3  | Reached skill level 15 in Fighting
 22433 | Slime:3  | Killed an azure jelly
 22795 | Slime:4  | Noticed an acid blob
 22976 | Slime:4  | Killed an acid blob
 23806 | Slime:5  | Entered Level 5 of the Pits of Slime
 23890 | Slime:5  | Noticed an azure jelly
 23907 | Slime:5  | Killed an azure jelly
 23997 | Slime:5  | Noticed an acid blob
 24000 | Slime:5  | Noticed an acid blob
 24528 | Slime:4  | Killed an acid blob
 24682 | Slime:5  | Noticed an acid blob
 24777 | Slime:4  | Killed an acid blob
 24975 | Slime:5  | Gained mutation: Your body sometimes deteriorates upon
                  | taking damage. [a shining eye]
 25067 | Slime:5  | Noticed an azure jelly
 25085 | Slime:5  | Killed an azure jelly
 25096 | Slime:5  | Noticed an acid blob
 25103 | Slime:5  | Noticed an acid blob
 25111 | Slime:5  | Killed an acid blob
 25122 | Slime:5  | HP: 9/217 [acid (4)]
 25122 | Slime:5  | Noticed an acid blob
 25123 | Slime:5  | HP: 4/217 [acid (5)]
 25123 | Slime:5  | Killed from afar by an acid blob

Illustrated notes

Levels and vault maps discovered:
D:1:      elethiomel_arrival_shortcut, layout_rooms, basic_ecumenical_altar
D:2:      layout_loops_cross, basic_altar
D:3:      layout_rooms, slow_altar_2, minmay_misc_feat_ornament,
          nrook_mini_vaults, chequers_serial_rivers_micro_d,
          kennysheep_jessica_study
D:4:      layout_loops_ring
D:5:      layout_rooms, uniq_menkaure
D:6:      layout_cave_pods, nicolae_dithmenos_shadow_blocks,
          gammafunk_temple_overflow_wave, minmay_temple_entry_sparse_star,
          uniq_eustachio
D:7:      layout_gridville, hex_large
D:8:      layout_loops_cross, makhleb_altar_promises_db, serial_shops,
          shop_fountains, minmay_holes, nrook_uturn
D:9:      layout_layer_cave, lemuel_coloured_pillars_altar,
          hangedman_feature_mirror, kennysheep_small_circle, uniq_grum,
          uniq_erolcha, uniq_maurice, uniq_pikel
D:10:     layout_basic, ebering_ghost_rock_garden, minmay_the_grid_2x2
          [minmay_the_grid_broken_lines, minmay_the_grid_garden,
          minmay_the_grid_minigrid_small_alt, minmay_the_grid_prize_trominoes]
D:11:     layout_basic, grunt_lair_entry_orc_guard_hut, david_orc_2,
          uniq_gastronok
Lair:1:   layout_chaotic_city
Lair:2:   cheibrodos_lair_overgrown_chateau, layout_regular_city,
          elwin_shoals_entry_stream, guppyfry_snake_entry_island
Lair:3:   nzn_motion_control, layout_small_grid, gauntlet_entry_generic,
          dreamdust_wasp_nest, infiniplex_staircase_pool, serial_bayou_shore_a
Lair:4:   layout_loops_ring, chequers_serial_rivers_room_b, uniq_rupert
Lair:5:   evilmike_catoblepas_cave, layout_small_grid,
          minmay_slime_entry_jelly_boxes, grunt_megastairs_5
Slime:1:  cheibrodos_slime_lost_civilization_9, layout_caves
Slime:2:  layout_caves
Slime:3:  layout_caves
Slime:4:  layout_caves
Slime:5

Skill      XL: |  1  2  3  4  5  6  7  8  9 10 11 12 13 14 15 |
---------------+----------------------------------------------+-----
Fighting       | 4 5 7 8 9 10 12 14 16 | 16.4
Axes           | 4 5 6 8 |  8.4
Armour         | 1 2 3 4 5 7 10 13 16 18 19 20 | 20.7
Dodging        | 4 5 7 8 9 10 12 13 | 13.4
Long Blades    | 4 6 12 14 | 14.0
Throwing       | 1 2 |  2.8
Evocations     | |  0.1

Action                     |  1- 3 |  4- 6 |  7- 9 | 10-12 | 13-15 || total
---------------------------+-------+-------+-------+-------+-------++-------
  Melee: Hand axe          |    63 |    51 |       |       |       ||   114
         Headbutt          |    14 |    18 |    52 |   138 |   395 ||   617
         War axe           |       |    32 |    71 |       |       ||   103
         Long sword        |       |       |   143 |   502 |  1009 ||  1654
  Throw: Boomerang         |       |       |     1 |       |       ||     1
         Dart              |       |       |       |    22 |    18 ||    40
 Invoke: Potion Petition   |       |       |       |       |     2 ||     2
  Evoke: Wand              |       |       |       |     1 |       ||     1
    Use: Scroll            |       |     4 |     6 |     9 |     4 ||    23
         Potion            |       |       |     4 |    14 |     3 ||    21
   Stab: Distracted        |       |       |       |       |     3 ||     3
 Armour: Robe              |     5 |       |       |       |       ||     5
         Ring mail         |     3 |    11 |       |       |       ||    14
         Leather armour    |     3 |     5 |    11 |       |       ||    19
         Chain mail        |       |       |    63 |       |       ||    63
         Shadow dragon sca |       |       |    25 |   161 |       ||   186
         Plate armour      |       |       |       |   160 |       ||   160
         Pearl dragon scal |       |       |       |    47 |   621 ||   668
  Dodge: Dodged            |    44 |    55 |   104 |   349 |   624 ||  1176
